AoeStats
← ramon_beas21

Scandinavia

510284048Analyzed
1v1 RM · 15h ago on Sep 30, 2026· 44m 47s· 2 players
Game mode
Random Map
Map size
Tiny (2 player)
Population
200
Speed
Normal
Resources
Standard
Victory
Conquest
Starting age
Dark Age
Ending age
Imperial Age
RankedLock teamsTeams togetherTeam positionsShared explorationLock speedFull tech treeHidden civsTurbo modeCheats
Victory
Defeat
🇬🇧 Danes · United Kingdom
378
+21
🇪🇸 Britons · Spain
481
-21
Lewisaaronwelch
10:08 Loom
11:54 Feudal Age
13:22 Double-Bit Axe
13:18 Horse Collar
20:05 Forging
22:18 Castle Age
20:52 Gold Mining
20:52 Stone Mining
21:32 Fletching
26:04 Fishing Lines
29:03 Gillnets
29:39 Bodkin Arrow
29:59 Heavy Plow
32:17 Elite Skirmisher
33:03 Thumb Ring
32:28 Light Cavalry
33:18 Bloodlines
37:18 Imperial Age
35:39 Wheelbarrow
39:11 Hand Cart
39:40 Conscription
39:53 Conscription
ramon_beas21
0:29 Loom
12:29 Feudal Age
15:10 Horse Collar
15:22 Man-at-Arms
25:46 Castle Age
23:47 Double-Bit Axe
25:16 Arson
26:07 Crossbowman
27:41 Elite Skirmisher
35:07 Yeomen
36:07 Padded Archer Armor
35:58 Fletching
39:42 Fortified Wall
39:53 Ballistics
40:32 Murder Holes
40:51 Masonry
40:11 Long Swordsman
40:13 Pikeman
Connection lost

Rejoining the realm…

Still unreachable

The connection could not be restored.

Session expired

The server has moved on; the page needs a fresh start.